 Dungeon Crawl Stone Soup version 0.31.0-11-ge490571c62 (webtiles) character file.

Game seed: 15941806607733504958

1 DeltaZero the Sneak (level 1, 0/14 HPs)
             Began as a Kobold Delver on Jan 30, 2024.
             Slain by an adder (1 damage)
             ... on level 2 of the Dungeon.
             The game lasted 00:00:58 (237 turns).

DeltaZero the Sneak (Kobold Delver)                  Turns: 237, Time: 00:00:59

Health: 0/14       AC:  3    Str:  9    XL:     1   Next: 22%
Magic:  1/1        EV: 14    Int: 11    God:
Gold:   0          SH:  0    Dex: 16    Spells: 0/0 levels left

rFire   . . .        a - +0 short sword
rCold   . . .        (no shield)
rNeg    . . .        b - +0 leather armour
rPois   .            (no helmet)
rElec   .            (no cloak)
rCorr   .            (no gloves)
SInv    .            (no boots)
Will    .....        (no amulet)
Stlth   ++++         (no ring)
HPRegen 0.22/turn    (no ring)
MPRegen 0.07/turn

%: no passive effects
@: no status effects
A: small, no large weapons, nightstalker 3
a: no special abilities


You were on level 2 of the Dungeon.
You visited 1 branch of the dungeon, and saw 4 of its levels.

Inventory:

Hand Weapons
 a - a +0 short sword (weapon)
Armour
 b - a +0 leather armour (worn)
 j - a +0 kite shield
Wands
 g - a wand of digging (3)
Scrolls
 c - a scroll of fog
 d - a scroll of revelation
 e - a scroll of fear
 h - a scroll of teleportation {unknown}
 i - 2 scrolls of identify {unknown}
Potions
 f - a potion of haste


   Skills:
 + Level 3.4 Fighting
 + Level 2.6 Short Blades
 + Level 2.4 Dodging
 + Level 6.6 Stealth


You couldn't memorise any spells.
You didn't know any spells.
Your spell library was empty.

Dungeon Overview and Level Annotations

Branches:
Dungeon (5/15)
 Temple: D:4-7

Altars:
Vehumet


Innate Abilities, Weirdness & Mutations

You are small and have problems with some larger weapons.
You are completely attuned to the shadows.


Message History

You hit the hobgoblin.
You kill the hobgoblin!
The adder bites you.
You are poisoned.
The adder poisons you!
You feel sick.
You closely miss the adder.
You feel sick. The adder misses you.
You hit the adder.
The adder is lightly wounded.
You feel sick. The adder closely misses you.
You barely miss the adder.
The adder is lightly wounded.
You feel sick. The adder bites you but does no damage.
You barely miss the adder.
The adder is lightly wounded.
You feel sick. The adder misses you. The adder bites you but does no damage.
You closely miss the adder.
The adder is lightly wounded.
You feel sick. The adder closely misses you.
You hit the adder but do no damage.
The adder is lightly wounded.
You feel sick.
You are no longer poisoned.
The adder bites you.
* * * LOW HITPOINT WARNING * * *
You closely miss the adder.
The adder is lightly wounded.
The adder bites you.
* * * LOW HITPOINT WARNING * * *
You barely miss the adder.
The adder is lightly wounded.
The adder bites you.
* * * LOW HITPOINT WARNING * * *
You hit the adder but do no damage.
The adder is lightly wounded.
The adder barely misses you.
You closely miss the adder.
The adder is lightly wounded.
The adder bites you.
You die...

#.....
#.#..##
......
#....#####
....S@...#
.#...###.#
#......$###
........>..#
.........#.#
.#...#.#
.......#
##.#.....
.........


You could see an adder.

Vanquished Creatures
  A hobgoblin (D:2)
1 creature vanquished.

Notes
Turn   | Place    | Note
-------+----------+-------------------------------------------
     0 | D:5      | DeltaZero the Kobold Delver began the quest for the Orb.
     0 | D:5      | Reached XP level 1. HP: 14/14 MP: 1/1
    54 | D:5      | Noticed a jelly
    83 | D:5      | Found a radiant altar of Vehumet.
   117 | D:5      | Noticed a scorpion
   186 | D:4      | Noticed an ogre
   237 | D:2      | Slain by an adder

Illustrated notes

Levels and vault maps discovered:
D:2:      layout_basic, serial_shops,
          nicolae_shop_temple_entry_statues_fountains,
          hangedman_abyss_or_decor_lesser_grid, kennysheep_generic_room_2
D:3:      layout_rooms, mainiacjoe_overflow_alcove_2,
          chequers_ecumenical_altar_simple_redux, serial_bayou_lagoon_b,
          uniq_sigmund
D:4:      layout_basic, mainiacjoe_overflow_boulevard, fedhas_altar_fruit_tree,
          kennysheep_mini, kennysheep_mini_moat, minmay_temple_entry_glass,
          kennysheep_opposing_triangles
D:5:      layout_basic, overflow_temple_1_default, nicolae_vehumet_altar_sigil,
          minivault_24

Action                     || total
---------------------------++-------
  Melee: Short sword       ||    13
 Armour: Leather armour    ||     8
  Dodge: Dodged            ||    14
